 Dungeon Crawl Stone Soup version 0.29.1-15-g9cfb28693d (webtiles) character file.

Game seed: 12541252485756323707

608603 wingedge the Severer (level 24, -3/212 HPs)
             Began as a Demigod Wanderer on Apr 19, 2023.
             Slain by an azure jelly (8 damage)
             ... created by the Royal Jelly
             ... on level 5 of the Pits of Slime on Apr 20, 2023.
             The game lasted 07:12:24 (93760 turns).

wingedge the Severer (Demigod Wanderer)            Turns: 93760, Time: 07:12:24

Health: -3/212     AC:  9    Str: 19    XL:     24   Next: 92%
Magic:  27/46      EV: 19    Int: 46    God:
Gold:   4334       SH: 18    Dex: 23    Spells: 4/49 levels left

rFire   + + +      SeeInvis +   a - +8 mithril axe "Arga" {speed, Will+}
rCold   + + .      Faith    .   Z - +4 kite shield {rC+ rF+}
rNeg    + . .      Spirit   .   z - +3 robe of Clouds {*Thunder rCloud rElec}
rPois   +          Reflect  .   (helmet restricted)
rElec   +          Harm     .   P - +2 cloak of Inaction {Str+7}
rCorr   +          Rampage  .   N - +1 pair of gloves {Str+3}
Will    +++..      Clarity  +   F - +0 pair of boots "Gulonumo" {Fly rN+}
Stlth   +++.......              n - amulet of regeneration
HPRegen 1.25/turn               U - ring "Puosas" {rF++ rC+ SInv Stlth-}
MPRegen 0.30/turn               R - ring of Ypsask {rPois rCorr Dex+4}

@: corroded, flying, very slightly contaminated
A: high MP 1, forlorn, divine attributes, antennae 1, agile 1, clarity
}: 4/15 runes: serpentine, barnacled, silver, abyssal
a: no special abilities


You were on level 5 of the Pits of Slime.
You visited 10 branches of the dungeon, and saw 50 of its levels.
You visited the Abyss 6 times.
You visited 1 bazaar.
You also visited: Ossuary, Gauntlet and Wizlab.

You collected 8799 gold pieces.
You spent 4465 gold pieces at shops.

Inventory:

Hand Weapons
 a - the +8 mithril axe "Arga" (weapon) {speed, Will+}
   (You took it off a deep elf knight on level 3 of the Elven Halls)

   Attacks with this weapon are significantly faster.
   Will:      It increases your willpower.
 b - a +9 vampiric broad axe
 c - the +10 war axe of Revolt {vorpal, rF+ Str+4 Stlth+}
   (You found it on level 1 of the Snake Pit)

   It inflicts extra damage upon your enemies.
   Str:       It affects your strength (+4).
   rF:        It protects you from fire.
   Stlth:     It makes you more stealthy.
 h - the +11 broad axe of Weplail {holy, Will+ rCorr Int+2}
   (You took it off a minotaur in a Gauntlet)

   It has been blessed by the Shining One to cause great damage to the undead
   and demons.
   Int:       It affects your intelligence (+2).
   rCorr:     It protects you from acid and corrosion.
   Will:      It increases your willpower.
 A - a +2 antimagic demon trident
Armour
 p - the +1 helmet "Deegiz" {rF+++ rC- Int+4}
   (You found it on level 1 of the Depths)

   Int:       It affects your intelligence (+4).
   rF:        It renders you almost immune to fire.
   rC:        It makes you vulnerable to cold.
 w - a +2 helmet
 z - the +3 robe of Clouds (worn) {*Thunder rCloud rElec}
   (You took it off an ironbound convoker on level 5 of the Vaults)

   It occasionally creates storm clouds above nearby enemies.
   It grants its wearer immunity to clouds.
   rElec:     It insulates you from electricity.
 F - the +0 pair of boots "Gulonumo" (worn) {Fly rN+}
   (You found it on level 2 of the Elven Halls)

   rN:        It protects you from negative energy.
   Fly:       It grants you flight.
 I - a +0 helmet of intelligence
 N - a +1 pair of gloves of strength (worn)
 P - the +2 cloak of Inaction (worn) {Str+7}
   (You found it on level 1 of the Orcish Mines)

   Str:       It affects your strength (+7).
 Z - a +4 kite shield of resistance (worn)
Jewellery
 n - an amulet of regeneration (around neck)
 t - the ring of the Tortoise {AC+8}
   (You found it in a Gauntlet)

   [ring of protection]

   AC:        It affects your AC (+8).
 v - a ring of willpower
 O - the ring of the Hare {EV+8}
   (You took it off a necromancer on level 5 of the Vaults)

   [ring of evasion]

   EV:        It affects your evasion (+8).
 R - the ring of Ypsask (right hand) {rPois rCorr Dex+4}
   (You found it on level 3 of the Snake Pit)

   [ring of resist corrosion]

   Dex:       It affects your dexterity (+4).
   rPois:     It protects you from poison.
   rCorr:     It protects you from acid and corrosion.
 U - the ring "Puosas" (left hand) {rF++ rC+ SInv Stlth-}
   (You took it off a deep elf archer on level 3 of the Elven Halls)

   [ring of see invisible]

   rF:        It greatly protects you from fire.
   rC:        It protects you from cold.
   SInv:      It lets you see invisible.
   Stlth:     It makes you less stealthy.
 W - the ring of Ashenzari, Hammering {rElec rPois Str+3 SInv}
   (You bought it in a shop on level 2 of the Orcish Mines)

   [ring of see invisible]

   Str:       It affects your strength (+3).
   rElec:     It insulates you from electricity.
   rPois:     It protects you from poison.
   SInv:      It lets you see invisible.
 Y - the macabre finger necklace {rN+}
   (You took it off a deep elf sorcerer on level 3 of the Elven Halls)

   [amulet of nothing]

   It enables you to equip an extra ring.
   rN:        It protects you from negative energy.
Wands
 q - a wand of light (24) (quivered)
 M - a wand of digging (14)
Scrolls
 e - 12 scrolls of immolation
 i - 7 scrolls of butterflies
 j - a scroll of enchant weapon
 k - 8 scrolls of magic mapping
 u - 3 scrolls of amnesia
 y - 6 scrolls of brand weapon
 B - 2 scrolls of silence
 D - 6 scrolls of fear
 E - 8 scrolls of summoning
 H - 19 scrolls of teleportation
Potions
 d - 10 potions of curing
 g - 2 potions of cancellation
 l - 4 potions of brilliance
 m - 7 potions of ambrosia
 r - 8 potions of mutation
 s - 2 potions of berserk rage
 x - 8 potions of might
 G - 3 potions of resistance
 J - 6 potions of invisibility
 Q - 2 potions of magic
Miscellaneous
 o - a box of beasts
 S - a condenser vane (inert)
 T - a phantom mirror
 V - a tin of tremorstones (1/2)


   Skills:
 + Level 16.7 Fighting
 - Level 17.0(18.0) Axes
 - Level 10.0(14.6) Polearms
 + Level 10.9 Armour
 - Level 10.0 Dodging
 - Level 8.0 Stealth
 + Level 11.7 Shields
 - Level 1.7 Unarmed Combat
 - Level 13.0 Spellcasting
 - Level 14.0 Conjurations
 - Level 0.3 Summonings
 - Level 4.0 Necromancy
 - Level 11.0 Translocations
 - Level 12.0 Transmutations
 + Level 12.3 Fire Magic
 - Level 6.0 Ice Magic
 - Level 15.0 Earth Magic
 - Level 9.0 Poison Magic
 - Level 4.0 Evocations


You had 4 spell levels left.
You knew the following spells:

 Your Spells              Type           Power      Damage    Failure   Level
a - Lee's Rapid Deconstr  Erth           53%        3d26*     1%          5
b - Olgreb's Toxic Radia  Pois           85%        N/A       1%          4
c - Sublimation of Blood  Necr           61%        N/A       1%          2
d - Irradiate             Conj/Tmut      49%        3d28      1%          5
e - Statue Form           Tmut/Erth      67%        N/A       1%          6
f - Ignite Poison         Fire/Tmut/Pois 93%        N/A       1%          3
h - Manifold Assault      Tloc           92%        N/A       1%          5
i - Passage of Golubria   Tloc           92%        N/A       1%          4
j - Iron Shot             Conj/Erth      52%        9d10      1%          6
k - Fireball              Conj/Fire      50%        3d20      1%          5

Your spell library contained the following spells:

 Spells                   Type           Power      Damage    Failure   Level
 Sandblast                Erth           100%       2d20      0%          1
 Passwall                 Tmut/Erth      84%        N/A       0%          2
 Searing Ray              Conj           100%       2d8       0%          2
 Stone Arrow              Conj/Erth      100%       3d13      0%          3
 Apportation              Tloc           100%       N/A       1%          1
 Freeze                   Ice            100%       1d11      1%          1
 Necrotise                Necr           100%       1d9       1%          1
 Shock                    Conj/Air       100%       1d9       1%          1
 Slow                     Hex            100%       N/A       1%          1
 Sting                    Tmut/Pois      100%       1d8       1%          1
 Summon Small Mammal      Summ           100%       N/A       1%          1
 Blink                    Tloc           100%       N/A       1%          2
 Poisonous Vapours        Pois/Air       100%       N/A       1%          2
 Static Discharge         Conj/Air       76%        3-13/arc  1%          2
 Conjure Flame            Conj/Fire      100%       6-21      1%          3
 Dazzling Flash           Conj/Hex       100%       N/A       1%          3
 Frozen Ramparts          Ice            100%       1d16      1%          3
 Inner Flame              Hex/Fire       72%        N/A       1%          3
 Lesser Beckoning         Tloc           92%        N/A       1%          3
 Vampiric Draining        Necr           61%        2d10      1%          3
 Animate Armour           Summ/Erth      100%       N/A       1%          4
 Ice Form                 Ice/Tmut       85%        N/A       1%          4
 Leda's Liquefaction      Hex/Erth       39%        N/A       1%          4
 Petrify                  Tmut/Erth      100%       N/A       1%          4
 Sticky Flame             Conj/Fire      100%       2d11      1%          4
 Animate Dead             Necr           61%        N/A       3%          4
 Dispel Undead            Necr           61%        3d21      3%          4
 Summon Ice Beast         Ice/Summ       56%        N/A       4%          4
 Confusing Touch          Hex            29%        N/A       5%          3
 Swiftness                Air            29%        N/A       5%          3
 Tukima's Dance           Hex            29%        N/A       5%          3
 Airstrike                Air            14%        2d(3-19)  17%         4
 Alistair's Intoxication  Tmut/Pois      60%        N/A       1%          5
 Blade Hands              Tmut           48%        N/A       1%          5
 Borgnjor's Vile Clutch   Necr/Erth      43%        N/A       1%          5
 Iskenderun's Battlesphe  Conj           100%       2d15      1%          5
 Eringya's Noxious Bog    Tmut/Pois      45%        N/A       3%          6
 Yara's Violent Unravell  Hex/Tmut       35%        3d14      4%          5
 Agony                    Necr           61%        N/A       10%         5
 Dragon Form              Tmut           48%        N/A       11%         7
 Lehudib's Crystal Spear  Conj/Erth      52%        10d12     30%         8
 Silence                  Hex/Air        14%        N/A       43%         5
 Summon Mana Viper        Hex/Summ       31%        N/A       43%         5
 Death Channel            Necr           30%        N/A       45%         6
 Ignition                 Fire           48%        3d14      58%         8
 Spellforged Servitor     Conj/Summ      38%        N/A       63%         7
 Ozocubu's Refrigeration  Ice            35%        4d15      77%         7
 Storm Form               Tmut/Air       35%        N/A       77%         7
 Haunt                    Necr/Summ      24%        N/A       99%         7
 Monstrous Menagerie      Summ           16%        N/A       100%        7
 Infestation              Necr           30%        N/A       100%        8
 Death's Door             Necr           30%        N/A       100%        9


Dungeon Overview and Level Annotations

Branches:
Dungeon (15/15)            Temple (0/1) D:4            Lair (5/5) D:9
 Shoals (4/4) Lair:2        Snake (4/4) Lair:3        Slime (5/5) Lair:4
    Orc (2/2) D:9             Elf (3/3) Orc:2        Vaults (5/5) D:14
  Crypt (3/3) Vaults:2       Tomb (0/3) Crypt:3      Depths (4/4) D:15
    Zot (0/5) Depths:4    Ossuary (visited)          WizLab (visited)
Gauntlet (visited)

Shops:
D:2 (   D:12 *?(   Orc:2 =?(*!   Vaults:1 ?   Vaults:2 *   Vaults:3 *[:([
Vaults:5 (   Depths:1 :   Depths:4 *(*

Portals:
Hell: Depths:1 Depths:2 Depths:3 Depths:4
Abyss: Depths:1 Depths:3
Pandemonium: Depths:2
Ziggurat: Depths:1

Annotations:
Slime:3 1 exclusion
Slime:5 1 exclusion, Royal Jelly


Innate Abilities, Weirdness & Mutations

You have an increased reservoir of magic. (+10% MP)
You shall have no god before yourself.
Your divine heritage dramatically boosts your attributes as you level up.
You have a pair of small antennae on your head.
You are agile. (Dex +4, Str/Int -1)
You possess an exceptional clarity of mind.


Message History

The acid blob completely resists.
The acid blob is struck by lightning.
The acid blob spits acid at you.
The splash of acid hits you but does no damage.
You resist.
The azure jelly is struck by lightning.
Press: ? - help, v - describe, . - travel
Here: the Royal Jelly (noxious fumes, severely wounded, misshapen and mutated)
The floor.
Unknown command.
Aiming: Bolt of Light
Press: ? - help, Shift-Dir - straight line, f/p - Royal Jelly
Aim: the Royal Jelly (noxious fumes, severely wounded, misshapen and mutated, 94% to hit)
The bolt of light hits the acid blob!
The acid blob is heavily wounded.
The bolt of light hits the Royal Jelly!
The Royal Jelly is severely wounded.
The Royal Jelly shudders.
The Royal Jelly spits out another jelly.
The acid blob hits you!
* * * LOW HITPOINT WARNING * * *
You are splashed with acid.
You resist.
* * * LOW HITPOINT WARNING * * *
You block the azure jelly's attack. x2; The azure jelly closely misses you.
You block the azure jelly's attack. The azure jelly barely misses you.
The azure jelly hits you but does no damage. x2
The azure jelly closely misses you. The acid blob hits you!!
* * * LOW HITPOINT WARNING * * *
The acid corrodes you!
You are splashed with acid.
You resist.
* * * LOW HITPOINT WARNING * * *
The azure jelly is struck by lightning.
The acid blob is struck by lightning.
The acid blob hits you!
* * * LOW HITPOINT WARNING * * *
You are splashed with acid.
You resist.
* * * LOW HITPOINT WARNING * * *
The acid blob spits acid at you. The splash of acid hits you. You resist.
* * * LOW HITPOINT WARNING * * *
The azure jelly is struck by lightning.
The azure jelly hits you but does no damage.
The azure jelly hits you!
You die...

#..................##
...................#
.................###
................##
#.................##
#.................##
##..........§§§.....#
#...........§J§....## #
#........§§J@JJ.....#.
#........§JJJJ§§§.....
.........§§JJJJ§§..###
#.........§§§JJJJ§..#
#...........§§§§§§§.##
................§§§..##
................§§§...##
#.....................##
##
##.....................##
#.


You could see the Royal Jelly (misshapen), 4 acid blobs, 6 azure jellies, a
slime creature and 4 quicksilver oozes.

Vanquished Creatures
  Dissolution (Slime:3)
  2 ancient liches
  A dread lich (Abyss:3)
  3 juggernauts
  Josephina (Depths:3)
  Vv (Depths:4)
  Saint Roka (Depths:4)
  Bai Suzhen (Vaults:3)
  Xtahua (Crypt:2)
  Frederick (Crypt:2)
  Vashnia (Snake:2)
  A caustic shrike (shapeshifter) (Vaults:5)
  A golden dragon (Depths:3)
  Nikola (Snake:2)
  2 bone dragons
  A pearl dragon (Abyss:3)
  A profane servitor (Abyss:3)
  A mutant beast (WizLab)
  3 doom hounds (Depths:4)
  2 tentacled monstrosities
  7 liches
  Jorgrun (D:15)
  A walking crystal tome (Depths:4)
  4 titans
  Asterion (Elf:1)
  21 acid blobs
  6 deep elf blademasters
  Grunn (Depths:4)
  A deep elf master archer (Elf:3)
  An Executioner (Elf:3)
  Frances (Snake:2)
  3 quicksilver dragons
  Polyphemus (Shoals:3)
  6 tentacled starspawn (Abyss:3)
  A kraken (Shoals:4)
  Gastronok (D:8)
  5 sphinxes
  The ghost of Qiocutex the Crack Shot, an adept SpHu of Qazlal (Depths:1)
  5 ancient champions
  7 tengu reavers
  6 shadow dragons
  4 storm dragons
  2 revenants (Crypt:1)
  11 rockslimes
  2 draconian monks
  7 nagarajas
  A daeva (Abyss:3)
  2 draconian knights
  7 azure jellies
  2 iron dragons
  12 deep elf sorcerers (Elf:3)
  8 frost giants
  8 fire giants
  20 vault wardens
  Louise (Depths:3)
  A ghost moth (Abyss:3)
  2 draconian shifters
  8 ghouls
  2 balrugs (Depths:2)
  5 deep elf elementalists (Elf:3)
  Aizul (Snake:2)
  A curse skull (Crypt:2)
  15 ironbound preservers
  An angel (Depths:1)
  41 very ugly things
  A juggernaut zombie (Crypt:3)
  A reaper (Depths:4)
  A caustic shrike skeleton (Crypt:3)
  7 quicksilver oozes
  20 stone giants
  8 ironbound thunderhulks
  10 vampire knights
  6 war gargoyles
  A putrid mouth (Depths:4)
  A lorocyproca (Abyss:3)
  4 deep elf demonologists
  A red draconian (Depths:4)
  A starflower (Abyss:3)
  2 white draconians (Depths:4)
  7 deep elf annihilators
  A spark wasp (Depths:3)
  5 entropy weavers
  21 dire elephants
  A minotaur (Gauntlet)
  A yellow draconian (Depths:4)
  4 eidola
  8 merfolk javelineers
  7 deep elf death magi
  10 ettins
  A quicksilver dragon zombie (Crypt:3)
  2 green deaths (Snake:2)
  5 crystal guardians
  The ghost of adizb the Grappler, a journeyman TrMo of Ashenzari (Orc:2)
  Snorg (D:12)
  A spriggan zombie (Crypt:1)
  3 merfolk impalers (Shoals:4)
  11 jiangshi
  9 fire dragons
  19 yaktaur captains
  A rakshasa (Depths:3)
  4 deep elf high priests
  9 ice dragons
  31 vault guards
  13 great orbs of eyes
  2 hell beasts (Depths:4)
  8 hydras
  6 spriggan air magi
  11 boulder beetles
  A salamander tyrant (Snake:4)
  4 merfolk aquamancers
  4 merfolk avatars
  3 peacekeepers
  12 ironbound frosthearts
  A juggernaut simulacrum (Depths:3)
  2 ogre magi
  16 centaur warriors
  14 anacondas
  A catoblepas (Shoals:3)
  A death knight (Crypt:1)
  22 naga warriors
  A satyr (Shoals:3)
  3 alligator snapping turtles (Shoals:4)
  10 two-headed ogres
  31 dancing weapons
  4 deep troll earth magi
  7 thrashing horrors (Abyss:3)
  10 death yaks
  6 orc high priests (Orc:2)
  7 vampire magi
  9 tengu warriors
  7 hell hogs
  4 deep troll shamans
  8 spriggan berserkers
  A storm dragon zombie (Vaults:3)
  11 hell knights
  2 soul eaters (Crypt:1)
  2 spectral storm dragons (Crypt:1)
  11 naga sharpshooters
  2 titan skeletons
  A titan zombie (Vaults:5)
  5 shock serpents
  16 deep elf knights
  2 sun demons (Depths:2)
  A fire crab (shapeshifter) (Elf:1)
  5 wretched stars (Abyss:3)
  3 iron trolls
  52 deep trolls
  31 skeletal warriors
  A spriggan druid (Elf:1)
  5 flayed ghosts
  20 sea snakes
  A salamander mystic (Snake:4)
  8 glowing orange brains
  An anaconda zombie (Crypt:3)
  9 naga ritualists
  19 phantasmal warriors
  26 ironbound convokers
  7 wizards
  An entropy weaver zombie (Crypt:1)
  An iron dragon zombie (Crypt:3)
  24 harpies
  7 deep elf archers
  3 harpies (shapeshifter)
  9 lindwurms
  6 mana vipers
  An orange crystal statue (Depths:1)
  An orc knight (Orc:1)
  17 deep elf zephyrmancers
  12 necromancers
  7 shining eyes
  24 deep elf pyromancers
  28 ugly things
  A tengu skeleton (Vaults:5)
  2 human zombies (Vaults:3)
  3 orc sorcerers
  4 oklob plants
  4 spectral fire dragons (Crypt:1)
  18 manticores
  15 fauns
  10 salamanders
  3 spectral ice dragons (Crypt:1)
  A will-o-the-wisp (Abyss:3)
  46 black mambas
  2 stone giant skeletons
  7 cyclopes
  8 guardian serpents
  A goliath frog skeleton (Crypt:1)
  15 elephants
  A centaur zombie (Crypt:1)
  Joseph (D:7)
  3 moths of wrath (Depths:1)
  6 merfolk sirens
  29 naga magi
  A guardian serpent (shapeshifter) (WizLab)
  A naga zombie (Crypt:3)
  3 molten gargoyles (Lair:5)
  An apocalypse crab (Abyss:3)
  A torpor snail (Lair:5)
  A water nymph (shapeshifter) (WizLab)
  A dire elephant zombie (Crypt:3)
  2 human skeletons
  Maurice (D:8)
  4 water nymphs (Shoals:4)
  An eye of devastation (Slime:3)
  7 smoke demons
  11 cane toads
  21 vault sentinels
  A torpor snail (shapeshifter) (Vaults:5)
  An orange demon (Abyss:3)
  2 rime drakes
  An efreet (D:14)
  3 rime drakes (shapeshifter)
  3 unseen horrors
  A centaur skeleton (Crypt:3)
  3 cane toads (shapeshifter) (WizLab)
  10 komodo dragons
  An alligator snapping turtle zombie (Crypt:3)
  A black draconian zombie (Crypt:2)
  42 yaktaurs
  A kobold demonologist (D:13)
  2 unseen horrors (shapeshifter) (WizLab)
  3 komodo dragons (shapeshifter)
  A tormentor (Depths:4)
  2 golden dragon simulacra (Depths:3)
  4 ancient zymes (Abyss:3)
  3 tengu conjurers
  5 freezing wraiths
  An unseen horror skeleton (Crypt:2)
  A queen bee (Lair:1)
  A harpy zombie (Crypt:1)
  A white draconian skeleton (Crypt:2)
  A sea snake skeleton (Crypt:1)
  A tengu simulacrum (Depths:3)
  2 meliai (shapeshifter) (Vaults:5)
  2 queen bees (shapeshifter) (WizLab)
  28 merfolk
  A shadow dragon simulacrum (Depths:3)
  7 trolls
  An iron troll skeleton (Crypt:1)
  A wind drake (Shoals:2)
  A blink frog (shapeshifter) (WizLab)
  4 polar bears (shapeshifter)
  4 hornets
  2 polar bears
  A hornet (shapeshifter) (WizLab)
  A wind drake (shapeshifter) (WizLab)
  A tarantella (Vaults:4)
  2 tarantellas (shapeshifter)
  10 snapping turtles
  87 slime creatures
  8 dream sheep
  12 raiju (Abyss:3)
  A dream sheep (shapeshifter) (WizLab)
  A raiju (shapeshifter) (WizLab)
  11 blink frogs
  A jumping spider (Vaults:3)
  52 flying skulls
  2 air elementals
  A jumping spider (shapeshifter) (WizLab)
  5 centaur simulacra
  A black mamba zombie (Crypt:3)
  2 shadows
  A vampire (D:13)
  A ynoxinul (Abyss:3)
  2 spriggans (shapeshifter)
  3 spriggans
  15 starcursed masses (Abyss:3)
  11 wraiths
  2 yaks (shapeshifter) (WizLab)
  A culicivora (shapeshifter) (WizLab)
  7 basilisks
  26 water elementals
  51 yaks
  5 wyverns
  3 fire elementals
  4 golden eyes (Abyss:3)
  An iron golem (WizLab)
  2 black mamba skeletons (Crypt:1)
  A golden eye (shapeshifter) (WizLab)
  A chaos spawn (Abyss:3)
  3 redbacks
  9 steam dragons
  A neqoxec (Abyss:3)
  Menkaure (Ossuary)
  A spatial vortex (Abyss:3)
  A harpy simulacrum (Gauntlet)
  2 swamp worms (shapeshifter)
  34 nagas
  A two-headed ogre zombie (Crypt:1)
  A cane toad zombie (Crypt:2)
  10 water moccasins
  20 large abominations
  5 acid dragons
  9 wargs
  Duvessa (D:7)
  A water nymph zombie (Crypt:2)
  A floating eye (shapeshifter) (Vaults:5)
  3 hell hounds (Lair:5)
  5 floating eyes
  2 black bears
  An ice beast (D:5)
  A sky beast (D:7)
  A manticore zombie (Crypt:2)
  17 orc warriors
  4 ogres (Orc:1)
  18 centaurs
  23 wolves
  A phantom (D:5)
  A dream sheep skeleton (Crypt:1)
  5 kobold brigands
  11 small abominations
  4 necrophages
  An earth elemental (Elf:3)
  3 gnoll sergeants
  9 bullfrogs
  5 scorpions
  An ogre simulacrum (Vaults:5)
  Dowan (D:7)
  A hornet simulacrum (D:15)
  4 wights
  39 killer bees
  5 howler monkeys
  4 electric eels
  A wolf zombie (Crypt:1)
  A crimson imp (Abyss:3)
  5 lava snakes (Lair:5)
  4 hounds
  3 jellies
  40 orc priests
  An iron imp (Abyss:3)
  12 iguanas
  Natasha (D:3)
  15 orc wizards
  7 hell rats (Lair:1)
  An ogre skeleton (Crypt:1)
  3 mummies (Ossuary)
  A howler monkey zombie (Crypt:2)
  17 gnolls
  5 adders
  2 shadow imps
  4 white imps
  3 ufetubi
  3 dart slugs
  86 orcs
  8 ball pythons
  3 endoplasms
  4 giant cockroaches
  3 gnoll zombies (Ossuary)
  13 hobgoblins
  13 jackals
  7 quokkas
  3 bats
  5 frilled lizards
  2 gnoll skeletons (Ossuary)
  7 goblins
  5 goblin skeletons (Ossuary)
  5 goblin zombies (Ossuary)
  3 hobgoblin skeletons (Ossuary)
  3 hobgoblin zombies (Ossuary)
  19 kobolds
  4 kobold skeletons (Ossuary)
  5 kobold zombies (Ossuary)
  5 orc skeletons (Ossuary)
  7 orc zombies (Ossuary)
  5 rats
  6 rat skeletons (Ossuary)
  2 rat zombies (Ossuary)
  A bush (Lair:5)
  A lurking horror (Abyss:3)
  A plant (D:13)
  4 starspawn tentacles (Abyss:3)
  2 tentacles (Shoals:4)
2463 creatures vanquished.

Vanquished Creatures (collateral kills)
  A caustic shrike skeleton (Abyss:3)
  A war gargoyle (Vaults:5)
  A deep elf demonologist (Vaults:5)
  A merfolk impaler (Shoals:4)
  2 alligator snapping turtles (Shoals:4)
  3 harpies (Shoals:4)
  A yaktaur (Vaults:5)
  A water elemental (Shoals:4)
  A spatial vortex (Abyss:3)
  An endoplasm (D:1)
  A goblin (D:1)
  2 kobolds (D:1)
16 creatures vanquished.

Vanquished Creatures (others)
  Mara (Vaults:4)
  A lindwurm (Lair:5)
  A deep elf zephyrmancer (Elf:2)
  A naga (Snake:2)
  A white imp (D:7)
  A bush (Lair:4)
  15 fungi
  115 plants
  17 starspawn tentacles (Abyss:3)
  4 tentacles (Shoals:4)
  A withered plant (Gauntlet)
158 creatures vanquished.

Grand Total: 2637 creatures vanquished

Notes
Turn   | Place    | Note
-------+----------+-------------------------------------------
     0 | D:1      | wingedge the Demigod Wanderer began the quest for the Orb.
     0 | D:1      | wingedge set off with the following items: a +0 dagger, a
                  | +0 helmet, a scroll of teleportation, a +0 robe, a potion
                  | of lignification; and the following spells available to
                  | memorise: Freeze, Summon Small Mammal, Searing Ray, Stone
                  | Arrow.
     0 | D:1      | Reached XP level 1. HP: 14/14 MP: 7/7
     2 | D:1      | Learned a level 1 spell: Freeze
     4 | D:1      | Learned a level 1 spell: Summon Small Mammal
   176 | D:1      | Reached skill level 1 in Ice Magic
   426 | D:1      | Reached XP level 2. HP: 14/20 MP: 3/9
  1410 | D:2      | Learned a level 2 spell: Searing Ray
  1552 | D:2      | Reached XP level 3. HP: 25/26 MP: 6/11
  1857 | D:2      | Found Teuxkyga's Antique Weapon Shop.
  2079 | D:2      | Bought a warped spear for 152 gold pieces
  2079 | D:2      | Identified the +8 spear of Hubris {drain, Drain Str+6
                  | Int+5} (You bought it in a shop on level 2 of the Dungeon)
  2676 | D:3      | Noticed Natasha
  2686 | D:3      | Killed Natasha
  2687 | D:3      | Reached XP level 4. HP: 25/34 MP: 13/13
  2779 | D:3      | Reached skill level 1 in Fighting
  3379 | D:4      | Reached skill level 1 in Polearms
  3465 | D:4      | Reached XP level 5. HP: 40/40 MP: 14/14
  3588 | D:4      | Reached XP level 6. HP: 31/48 MP: 10/16
  3702 | D:4      | Found a staircase to the Ecumenical Temple.
  3724 | D:4      | Learned a level 3 spell: Stone Arrow
  3817 | D:4      | Reached skill level 1 in Conjurations
  3867 | D:4      | Reached skill level 5 in Spellcasting
  4222 | D:4      | Reached XP level 7. HP: 45/55 MP: 17/17
  4374 | D:5      | Entered Level 5 of the Dungeon
  4504 | D:5      | Reached skill level 1 in Earth Magic
  5245 | D:5      | Reached XP level 8. HP: 63/63 MP: 19/19
  5912 | D:6      | Reached skill level 1 in Shields
  6818 | D:7      | Reached skill level 5 in Polearms
  7006 | D:7      | Noticed Duvessa
  7008 | D:7      | Noticed Dowan
  7014 | D:7      | Killed Duvessa
  7022 | D:7      | Killed Dowan
  7141 | D:7      | Found a sand-covered staircase.
  7150 | Ossuary  | Entered an ossuary
  7197 | Ossuary  | Reached XP level 9. HP: 72/72 MP: 21/21
  7201 | Ossuary  | Learned a level 3 spell: Frozen Ramparts
  7519 | Ossuary  | Noticed Menkaure
  7522 | Ossuary  | Killed Menkaure
  7831 | D:7      | Noticed Joseph
  8099 | D:7      | Reached skill level 5 in Fighting
  8265 | D:7      | Killed Joseph
  8549 | D:7      | Identified the +5 rapier of the Twisting Jester {pain,
                  | rPois Str-3 Int+2 Stlth+}
  8609 | D:8      | Noticed Maurice
  8618 | D:8      | Killed Maurice
  8638 | D:8      | Reached skill level 5 in Ice Magic
  8647 | D:8      | Paralysed by a hornet for 2 turns
  8652 | D:8      | You fall into a shaft and drop 1 floor!
  8692 | D:9      | Noticed a tengu conjurer
  8694 | D:9      | Noticed a centaur warrior
  8710 | D:9      | Reached skill level 1 in Dodging
  8710 | D:9      | Reached skill level 1 in Poison Magic
  8896 | D:8      | Reached XP level 10. HP: 54/81 MP: 17/22
  8903 | D:8      | Noticed Gastronok
  8930 | D:8      | Killed Gastronok
  9211 | D:8      | Reached skill level 1 in Armour
  9381 | D:8      | Learned a level 4 spell: Olgreb's Toxic Radiance
  9846 | D:9      | Found a staircase to the Orcish Mines.
 10022 | D:9      | Noticed a boulder beetle
 10036 | D:9      | Killed a boulder beetle
 10119 | D:9      | Killed a centaur warrior
 10136 | D:9      | Reached XP level 11. HP: 72/91 MP: 16/24
 10245 | D:9      | Found a staircase to the Lair.
 10714 | Lair:1   | Entered Level 1 of the Lair of Beasts
 10718 | Lair:1   | Noticed a boulder beetle
 10732 | Lair:1   | Killed a boulder beetle
 10802 | Lair:1   | Reached skill level 5 in Poison Magic
 10977 | Lair:1   | Reached skill level 5 in Shields
 11765 | Lair:1   | Noticed a four-headed hydra
 11779 | Lair:1   | Killed a four-headed hydra
 11780 | Lair:1   | Reached skill level 1 in Fire Magic
 11892 | Lair:2   | Reached XP level 12. HP: 101/103 MP: 13/25
 11945 | Lair:2   | Noticed a boulder beetle
 11954 | Lair:2   | Killed a boulder beetle
 12070 | Lair:2   | Found a staircase to the Shoals.
 13051 | Lair:3   | Found a staircase to the Snake Pit.
 13232 | Lair:3   | Noticed a boulder beetle
 13244 | Lair:3   | Killed a boulder beetle
 14076 | Lair:4   | Noticed a five-headed hydra
 14085 | Lair:4   | Killed a five-headed hydra
 14575 | Lair:4   | Found a staircase to the Slime Pits.
 15100 | Lair:5   | Entered Level 5 of the Lair of Beasts
 15171 | Lair:5   | Reached skill level 5 in Conjurations
 15172 | Lair:5   | Reached skill level 5 in Earth Magic
 15182 | Lair:5   | Reached XP level 13. HP: 52/111 MP: 10/28
 15406 | Lair:5   | Found a gate leading to a gauntlet.
 15423 | Gauntlet | Entered a Gauntlet
 15423 | Gauntlet | Found a transporter.
 15423 | Gauntlet | Found a transporter.
 15505 | Gauntlet | Found a transporter.
 15507 | Gauntlet | Found a transporter.
 15508 | Gauntlet | Found a transporter.
 15520 | Gauntlet | Found a transporter.
 15527 | Gauntlet | Found a transporter.
 15528 | Gauntlet | Found a transporter.
 15532 | Gauntlet | Found the ring of the Tortoise {AC+8}
 15541 | Gauntlet | Found a transporter.
 15549 | Gauntlet | Found a transporter.
 15573 | Gauntlet | Found a transporter.
 15577 | Gauntlet | Found a transporter.
 15739 | Gauntlet | Gained mutation: Potions are less effective at restoring
                  | your health. [a shining eye]
 15749 | Gauntlet | Lost mutation: Potions are less effective at restoring your
                  | health. [potion of mutation]
 15749 | Gauntlet | Gained mutation: Your spells are a little harder to cast,
                  | but a little more powerful. [potion of mutation]
 15749 | Gauntlet | Gained mutation: Your spells are harder to cast, but more
                  | powerful. [potion of mutation]
 15749 | Gauntlet | Gained mutation: Your flesh is cold resistant. (rC+)
                  | [potion of mutation]
 15885 | Gauntlet | Reached skill level 10 in Polearms
 16168 | Gauntlet | Identified the +0 pair of gloves of Onyzepp {Dex+5}
 16201 | Gauntlet | Found the +5 lochaber axe {reach-cleave, poleaxe}
 16201 | Gauntlet | Identified the +11 broad axe of Weplail {holy, Will+ rCorr
                  | Int+2}
 16201 | Gauntlet | Identified the ring of Jux Ajam {rC+ rN++ MP+9 Slay-3}
 16201 | Gauntlet | Noticed a minotaur
 16218 | Gauntlet | Killed a minotaur
 16262 | Gauntlet | Identified the +0 leather armour "Osekk" {Int+7}
 16605 | Lair:5   | Reached skill level 1 in Axes
 16979 | Lair:5   | Reached skill level 2 in Axes
 17058 | Lair:5   | Reached skill level 5 in Fire Magic
 17305 | Lair:5   | Found a large runed translucent door.
 17309 | Lair:5   | Found a large runed translucent door.
 17325 | Lair:5   | Reached skill level 3 in Axes
 17649 | Lair:5   | Learned a level 3 spell: Ignite Poison
 18600 | Orc:1    | Entered Level 1 of the Orcish Mines
 18968 | Orc:2    | Entered Level 2 of the Orcish Mines
 19207 | Orc:2    | Found a staircase to the Elven Halls.
 19241 | Orc:2    | Found Teony's Distillery.
 19249 | Orc:2    | Bought a potion of flight for 42 gold pieces
 19249 | Orc:2    | Bought a potion of cancellation for 112 gold pieces
 19249 | Orc:2    | Bought a potion of attraction for 42 gold pieces
 19331 | Orc:2    | Reached skill level 10 in Fighting
 19730 | Orc:1    | Found a runed translucent gate.
 19730 | Orc:1    | Found a runed translucent gate.
 19730 | Orc:1    | Found a runed translucent gate.
 19730 | Orc:1    | Noticed a stone giant
 19730 | Orc:1    | Noticed adizb's ghost (journeyman TrMo)
 19851 | Orc:1    | Killed a stone giant
 19852 | Orc:1    | Reached skill level 4 in Axes
 19852 | Orc:1    | Reached skill level 5 in Armour
 19852 | Orc:1    | Reached skill level 5 in Dodging
 19870 | Orc:1    | Reached XP level 14. HP: 40/121 MP: 19/30
 19893 | Orc:2    | Killed adizb's ghost
 20855 | Orc:1    | Identified the +2 cloak of Inaction {Str+7}
 21432 | Orc:2    | Reached skill level 1 in Transmutations
 21440 | Orc:2    | Found Boadoust's Assorted Antiques.
 21440 | Orc:2    | Found Ikkod's Weapon Shop.
 21456 | Orc:2    | Bought a scroll of identify for 66 gold pieces
 21494 | Orc:2    | Reached skill level 5 in Axes
 21602 | Orc:2    | Found Reaqam's Magic Scroll Shoppe.
 21602 | Orc:2    | Found Pewniagh's Jewellery Shop.
 21608 | Orc:2    | Bought a scroll of magic mapping for 105 gold pieces
 21608 | Orc:2    | Bought a scroll of identify for 28 gold pieces
 21608 | Orc:2    | Bought a scroll of identify for 28 gold pieces
 21608 | Orc:2    | Bought a scroll of teleportation for 42 gold pieces
 21608 | Orc:2    | Bought a scroll of blinking for 105 gold pieces
 21608 | Orc:2    | Bought a scroll of torment for 133 gold pieces
 21608 | Orc:2    | Bought a scroll of enchant armour for 105 gold pieces
 21608 | Orc:2    | Bought a scroll of summoning for 133 gold pieces
 21620 | Orc:2    | Bought the ring of Ashenzari, Hammering {rElec rPois Str+3
                  | SInv} for 553 gold pieces
 21796 | Orc:2    | Bought a potion of curing for 42 gold pieces
 21796 | Orc:2    | Bought a potion of curing for 42 gold pieces
 21796 | Orc:2    | Bought a potion of curing for 42 gold pieces
 21871 | D:10     | Entered Level 10 of the Dungeon
 23378 | D:12     | Noticed Snorg
 23387 | D:12     | Killed Snorg
 23481 | D:12     | Found Zeawn's Weapon Boutique.
 23611 | D:12     | Found Xuotzaun's Magic Scroll Boutique.
 23670 | D:12     | Found Usifaig's Assorted Antiques.
 25024 | D:13     | Identified the +8 mace of Woynk {vorpal, Str+5}
 26109 | D:14     | Found a gate to the Vaults.
 26115 | D:14     | Reached skill level 6 in Axes
 26914 | D:15     | Entered Level 15 of the Dungeon
 27309 | D:15     | Reached XP level 15. HP: 128/128 MP: 26/32
 27515 | D:15     | Found a staircase to the Depths.
 27731 | D:15     | Noticed Jorgrun
 27739 | D:15     | Killed Jorgrun
 27740 | D:15     | Reached skill level 7 in Axes
 28729 | Shoals:1 | Entered Level 1 of the Shoals
 28742 | Shoals:1 | Reached skill level 8 in Axes
 29889 | Shoals:1 | Reached skill level 9 in Axes
 30304 | Shoals:1 | Identified the +0 scale mail of Ocat {rC+}
 30312 | Shoals:1 | Learned a level 2 spell: Blink
 30881 | Shoals:2 | Reached skill level 1 in Translocations
 31249 | Shoals:2 | Identified the +5 dagger of Recklessness {vamp, Dex+4 SInv}
 31851 | Shoals:3 | Identified the +0 chain mail "Pog Tequ" {Rampage rF+ Str+7
                  | Stlth-}
 31931 | Shoals:3 | Reached skill level 10 in Axes
 32764 | Shoals:3 | Reached XP level 16. HP: 139/139 MP: 1/33
 32776 | Shoals:3 | Reached skill level 11 in Axes
 32871 | Shoals:3 | Learned a level 5 spell: Manifold Assault
 32876 | Shoals:3 | Learned a level 4 spell: Passage of Golubria
 32904 | Shoals:3 | Noticed Polyphemus
 32912 | Shoals:3 | Killed Polyphemus
 33526 | Shoals:4 | Entered Level 4 of the Shoals
 33800 | Shoals:4 | Reached skill level 5 in Translocations
 34015 | Shoals:4 | Noticed a kraken
 34020 | Shoals:4 | Killed a kraken
 34130 | Shoals:4 | Reached skill level 12 in Axes
 34777 | Shoals:4 | Got a barnacled rune of Zot
 35239 | Shoals:4 | Identified the +12 flail "Raymemits" {vorpal, +Blink rC+
                  | Str-5}
 35669 | Snake:1  | Entered Level 1 of the Snake Pit
 35718 | Snake:1  | Identified the +10 war axe of Revolt {vorpal, rF+ Str+4
                  | Stlth+}
 36596 | Snake:1  | Reached skill level 13 in Axes
 37526 | Snake:2  | Noticed Aizul
 37641 | Snake:2  | Noticed Frances
 37652 | Snake:2  | Killed Frances
 37936 | Snake:2  | Reached XP level 17. HP: 122/146 MP: 32/35
 37953 | Snake:2  | Killed Aizul
 38273 | Snake:2  | Found a runed translucent door.
 38429 | Snake:2  | Noticed Vashnia
 38458 | Snake:2  | Noticed Nikola
 38466 | Snake:2  | Killed Vashnia
 38851 | Snake:2  | Killed Nikola
 39758 | Snake:3  | Reached skill level 10 in Translocations
 40136 | Snake:3  | Found a runed translucent gate.
 40136 | Snake:3  | Found a runed translucent gate.
 40136 | Snake:3  | Found a runed translucent gate.
 40150 | Snake:3  | Reached skill level 10 in Spellcasting
 41352 | Snake:3  | Reached skill level 14 in Axes
 41891 | Snake:3  | Identified the ring of Ypsask {rPois rCorr Dex+4}
 42386 | Snake:4  | Entered Level 4 of the Snake Pit
 44383 | Snake:4  | Reached XP level 18. HP: 117/155 MP: 7/37
 45151 | Snake:4  | Got a serpentine rune of Zot
 45843 | Elf:1    | Entered Level 1 of the Elven Halls
 46148 | Elf:1    | Paralysed by an air elemental for 1 turns
 46297 | Elf:1    | Noticed Asterion
 46305 | Elf:1    | Killed Asterion
 46937 | Elf:1    | Learned a level 6 spell: Iron Shot
 47105 | Elf:2    | Reached skill level 5 in Stealth
 47578 | Elf:2    | Identified the +0 pair of boots "Gulonumo" {Fly rN+}
 48239 | Elf:2    | Found a runed translucent gate.
 48240 | Elf:2    | Found a runed translucent gate.
 48245 | Elf:2    | Found a runed translucent gate.
 48608 | Elf:2    | Reached skill level 15 in Axes
 49700 | Elf:3    | Entered Level 3 of the Elven Halls
 49829 | Elf:3    | Paralysed by an air elemental for 1 turns
 50764 | Abyss:3  | Cast into level 3 of the Abyss (a deep elf sorcerer)
 51467 | Elf:3    | Escaped the Abyss
 51874 | Elf:3    | Reached XP level 19. HP: 165/165 MP: 32/38
 52218 | Elf:3    | Identified the +9 dagger "Acvuh" {vorpal, rElec Str+4 Int-2
                  | Stlth+}
 52831 | Elf:3    | Identified the +8 sling "Huzxyir" {speed, rN+}
 52831 | Elf:3    | Identified the ring "Puosas" {rF++ rC+ SInv Stlth-}
 53218 | Elf:3    | Identified the +3 ring mail "Ziorch" {Harm rF++ rC+ Int-5}
 53236 | Elf:3    | Identified the +10 battleaxe "Ziusi" {elec, Fly}
 53415 | Elf:3    | Got the Enchiridion on Flames and the Congregation
 53416 | Elf:3    | Identified the +0 pair of gloves of Pessimism {*Corrode
                  | +Blink rPois Dex+7}
 54140 | Vaults:1 | Entered Level 1 of the Vaults
 54614 | Vaults:1 | Reached skill level 1 in Evocations
 54620 | Vaults:1 | Learned a level 5 spell: Fireball
 54981 | Vaults:1 | Found Hoiheaj's Magic Scroll Shoppe.
 57588 | Vaults:2 | Found a transporter.
 57593 | Vaults:2 | Found Kuruzay's Assorted Antiques.
 57601 | Vaults:2 | Bought a scroll of blinking for 172 gold pieces
 57871 | Vaults:2 | Identified the amulet of Zenidi {Faith Str+4 Int+4 Dex+5}
 57985 | Vaults:2 | Found a transporter.
 58117 | Vaults:2 | Reached skill level 16 in Axes
 58643 | Vaults:2 | Found a staircase to the Crypt.
 58935 | Vaults:2 | Reached XP level 20. HP: 112/174 MP: 8/39
 59640 | Vaults:2 | Reached skill level 10 in Conjurations
 59837 | Vaults:3 | Found Ruoxt's Antique Armour Boutique.
 59844 | Vaults:3 | Bought a bloodstained leather armour for 189 gold pieces
 59844 | Vaults:3 | Identified the +5 leather armour of Eternal Night {Str+2}
                  | (You bought it in a shop on level 3 of the Vaults)
 59844 | Vaults:3 | Bought a sheer robe for 153 gold pieces
 59844 | Vaults:3 | Identified the +1 robe of the Constellations {rC++ Str-3
                  | Archmagi} (You bought it in a shop on level 3 of the
                  | Vaults)
 60148 | Vaults:3 | Noticed Bai Suzhen
 60157 | Vaults:3 | Killed Bai Suzhen
 60370 | Vaults:3 | Found Neose's Weapon Boutique.
 60558 | Vaults:3 | You are sucked into a shaft and drop 1 floor!
 60575 | Vaults:4 | Found a flickering gateway to a bazaar.
 60698 | Bazaar   | Entered a bazaar
 60706 | Bazaar   | Found Utuad's Antique Weapon Boutique.
 60717 | Bazaar   | Found Mog Faa's Magic Scroll Emporium.
 60722 | Bazaar   | Found Tuxtib's Magic Scroll Shop.
 60730 | Bazaar   | Found Foecwev's General Store.
 60732 | Bazaar   | Bought a scroll of enchant armour for 82 gold pieces
 60732 | Bazaar   | Bought a scroll of blinking for 82 gold pieces
 62605 | Vaults:3 | Reached skill level 10 in Earth Magic
 63820 | Vaults:3 | Found Ullosif's Book Boutique.
 63828 | Vaults:3 | Bought a book of the Earth for 792 gold pieces
 63828 | Vaults:3 | Bought a book of Alchemy for 616 gold pieces
 63838 | Vaults:3 | Learned a level 5 spell: Lee's Rapid Deconstruction
 63841 | Vaults:3 | Learned a level 2 spell: Sublimation of Blood
 63846 | Vaults:3 | Found Kohyebb's Armour Shop.
 63882 | Vaults:3 | Found Dodgham's General Store.
 64485 | Vaults:4 | Noticed Mara
 64504 | Vaults:4 | Reached skill level 10 in Fire Magic
 64523 | Vaults:4 | Noticed wingedge's illusion
 64905 | Vaults:4 | Noticed wingedge's illusion
 64913 | Vaults:4 | Reached XP level 21. HP: 154/181 MP: 18/40
 64916 | Vaults:4 | Reached skill level 1 in Necromancy
 64920 | Vaults:4 | Killed Mara
 67146 | Vaults:4 | Learned a level 5 spell: Irradiate
 67148 | Vaults:5 | Entered Level 5 of the Vaults
 67161 | Vaults:5 | HP: 1/181 [titan skeleton[a necromancer] (28)]
 67896 | Vaults:5 | Reached skill level 17 in Axes
 68007 | Vaults:5 | Reached skill level 5 in Transmutations
 68151 | Vaults:5 | Identified the +5 morningstar "Pendulum" {vorpal, rC+
                  | Str+3}
 68155 | Vaults:5 | Noticed a golden dragon
 68159 | Vaults:5 | Noticed a caustic shrike
 68159 | Vaults:5 | a golden dragon changed into a caustic shrike
 68160 | Vaults:5 | Killed a caustic shrike
 68215 | Vaults:5 | Noticed an ancient lich
 68240 | Vaults:4 | Killed an ancient lich
 68842 | Vaults:5 | Found Amnel's Weapon Shop.
 70604 | Vaults:5 | Reached XP level 22. HP: 189/189 MP: 35/42
 70992 | Vaults:5 | Got a silver rune of Zot
 71637 | Crypt:1  | Entered Level 1 of the Crypt
 71718 | Crypt:1  | Found a magical portal.
 71950 | WizLab   | Entered Cigotuvi's Fleshworks
 72447 | WizLab   | Paralysed by a floating eye for 2 turns
 72550 | WizLab   | Identified the ring of Satisfaction {Ice Will+ Int+2}
 72723 | WizLab   | Got Cigotuvi's Handbook of the Figure and Maleficent Arts
 73145 | Crypt:1  | Gained mutation: Armour fits poorly on your strangely
                  | shaped body. [mutagenic glow]
 73658 | Crypt:1  | Lost mutation: Armour fits poorly on your strangely shaped
                  | body. [potion of mutation]
 73658 | Crypt:1  | Lost mutation: Your flesh is cold resistant. (rC+) [potion
                  | of mutation]
 73658 | Crypt:1  | Gained mutation: You are agile. (Dex +4, Str/Int -1)
                  | [potion of mutation]
 73658 | Crypt:1  | Gained mutation: You have hidden genetic potential. [potion
                  | of mutation]
 73658 | Crypt:1  | Gained mutation: Your spells are much harder to cast, but
                  | much more powerful. [potion of mutation]
 73658 | Crypt:1  | Gained mutation: You have great hidden genetic potential.
                  | [potion of mutation]
 75179 | Crypt:2  | Noticed Frederick
 75188 | Crypt:2  | Killed Frederick
 75422 | Crypt:2  | Noticed Xtahua
 75432 | Crypt:2  | Killed Xtahua
 76410 | Crypt:2  | Learned a level 2 spell: Blink
 76602 | Crypt:3  | Entered Level 3 of the Crypt
 77974 | Crypt:3  | Noticed an ancient lich
 77984 | Crypt:3  | Killed an ancient lich
 78248 | Crypt:3  | Identified the ring of Juxtot {Fly rF+ Dex+6}
 78676 | Crypt:3  | Found a staircase to the Tomb.
 79702 | Crypt:3  | Reached XP level 23. HP: 198/198 MP: 29/44
 79923 | Crypt:3  | Identified the ring "Joenose" {*Slow rF- rN+ Str+4 Dex+7}
 79923 | Crypt:3  | Identified the ring "Gyitobil" {rN+ Dex+4}
 80565 | Orc:2    | Bought a potion of haste for 330 gold pieces
 80775 | D:15     | Learned a level 6 spell: Statue Form
 80786 | Depths:1 | Entered Level 1 of the Depths
 81026 | Depths:1 | Reached skill level 15 in Fighting
 81278 | Depths:1 | Found a gateway to Hell.
 81377 | Depths:1 | Found Erigaun's Vocational Training.
 81484 | Depths:1 | Found a one-way gate to the infinite horrors of the Abyss.
 81591 | Depths:1 | Reached skill level 10 in Shields
 81693 | Depths:1 | Noticed Qiocutex's ghost (adept SpHu)
 81700 | Depths:1 | Found a transporter.
 81700 | Depths:1 | Noticed a juggernaut
 81735 | Depths:1 | Noticed a juggernaut
 81748 | Depths:1 | Found a transporter.
 81780 | Depths:1 | Killed a juggernaut
 81780 | Depths:1 | Killed Qiocutex's ghost
 81784 | Depths:1 | Killed a juggernaut
 82052 | Depths:1 | Identified the +1 helmet "Deegiz" {rF+++ rC- Int+4}
 82102 | Depths:1 | Found a one-way gateway to a ziggurat.
 82224 | Depths:1 | Gained mutation: Your flesh is cold resistant. (rC+)
                  | [hidden potential]
 82226 | Depths:1 | Reached skill level 10 in Transmutations
 83363 | Depths:2 | Identified the +7 dagger of Pulafeb {freeze, *Rage Fly
                  | rPois Dex+2}
 83967 | Depths:2 | Found a one-way gate leading to the halls of Pandemonium.
 84336 | Depths:3 | Identified the +5 battleaxe "Vixtuaci" {venom, rC++ Will+}
 84887 | Depths:3 | Identified the +7 quarterstaff "Qokiakig" {vorpal, rN+}
 85433 | Depths:3 | Identified the ring of the Equinox {Ice Str+9 Dex-4}
 85433 | Depths:3 | Noticed Josephina
 85459 | Depths:3 | Killed Josephina
 86213 | Depths:3 | Noticed Louise
 86218 | Depths:3 | Killed Louise
 86616 | Depths:3 | Voluntarily entered the Abyss.
 86704 | Depths:3 | Escaped the Abyss
 86807 | Depths:3 | Voluntarily entered the Abyss.
 86872 | Abyss:3  | Reached skill level 15 in Earth Magic
 86925 | Abyss:3  | Gained mutation: You do not regenerate when monsters are
                  | visible. [mutagenic glow]
 86938 | Abyss:3  | HP: 6/156 [nagaraja/+0 spear (20)]
 86966 | Abyss:3  | Lost mutation: You are agile. (Dex +4, Str/Int -1) [potion
                  | of mutation]
 86966 | Abyss:3  | Lost mutation: Your spells are much harder to cast, but
                  | much more powerful. [potion of mutation]
 86966 | Abyss:3  | Gained mutation: You are agile. (Dex +4, Str/Int -1)
                  | [potion of mutation]
 86967 | Abyss:3  | Lost mutation: Your spells are harder to cast, but more
                  | powerful. [potion of mutation]
 86967 | Abyss:3  | Lost mutation: You are agile. (Dex +4, Str/Int -1) [potion
                  | of mutation]
 86967 | Abyss:3  | Lost mutation: Your spells are a little harder to cast, but
                  | a little more powerful. [potion of mutation]
 86967 | Abyss:3  | Gained mutation: Your body sometimes deteriorates upon
                  | taking damage. [potion of mutation]
 86967 | Abyss:3  | Gained mutation: You possess an exceptional clarity of
                  | mind. [potion of mutation]
 86968 | Abyss:3  | Lost mutation: You possess an exceptional clarity of mind.
                  | [potion of mutation]
 86968 | Abyss:3  | Lost mutation: Your flesh is cold resistant. (rC+) [potion
                  | of mutation]
 86968 | Abyss:3  | Gained mutation: You are agile. (Dex +4, Str/Int -1)
                  | [potion of mutation]
 86968 | Abyss:3  | Gained mutation: You are dopey. (Int -2) [potion of
                  | mutation]
 87051 | Abyss:3  | Lost mutation: You do not regenerate when monsters are
                  | visible. [potion of mutation]
 87051 | Abyss:3  | Lost mutation: You are agile. (Dex +4, Str/Int -1) [potion
                  | of mutation]
 87051 | Abyss:3  | Gained mutation: You are clumsy. (Dex -2) [potion of
                  | mutation]
 87051 | Abyss:3  | Gained mutation: You are very dopey. (Int -4) [potion of
                  | mutation]
 87051 | Abyss:3  | Gained mutation: You have large cloven feet. [potion of
                  | mutation]
 87052 | Abyss:3  | Lost mutation: You have large cloven feet. [potion of
                  | mutation]
 87052 | Abyss:3  | Lost mutation: You have great hidden genetic potential.
                  | [potion of mutation]
 87052 | Abyss:3  | Gained mutation: You have a pair of small horns on your
                  | head. [potion of mutation]
 87052 | Abyss:3  | Gained mutation: You occasionally shout uncontrollably at
                  | your foes. [potion of mutation]
 87053 | Abyss:3  | Lost mutation: You are clumsy. (Dex -2) [potion of
                  | mutation]
 87053 | Abyss:3  | Lost mutation: You have a pair of small horns on your head.
                  | [potion of mutation]
 87053 | Abyss:3  | Lost mutation: You are very dopey. (Int -4) [potion of
                  | mutation]
 87053 | Abyss:3  | Gained mutation: You sometimes lose your temper in combat.
                  | [potion of mutation]
 87053 | Abyss:3  | Gained mutation: You expend magic power (3 MP) to
                  | strengthen your wands. [potion of mutation]
 87054 | Abyss:3  | Lost mutation: You are dopey. (Int -2) [potion of mutation]
 87054 | Abyss:3  | Lost mutation: You occasionally shout uncontrollably at
                  | your foes. [potion of mutation]
 87054 | Abyss:3  | Lost mutation: You sometimes lose your temper in combat.
                  | [potion of mutation]
 87054 | Abyss:3  | Gained mutation: Your muscles are strong. (Str +4, Int/Dex
                  | -1) [potion of mutation]
 87054 | Abyss:3  | Gained mutation: Your body often deteriorates upon taking
                  | damage. [potion of mutation]
 87054 | Abyss:3  | Gained mutation: Your muscles are very strong. (Str +8,
                  | Int/Dex -2) [potion of mutation]
 87060 | Abyss:3  | Lost mutation: Your body often deteriorates upon taking
                  | damage. [potion of mutation]
 87060 | Abyss:3  | Lost mutation: Your body sometimes deteriorates upon taking
                  | damage. [potion of mutation]
 87060 | Abyss:3  | Gained mutation: You have a somewhat thin skeletal
                  | structure. (Dex +2, Stealth+) [potion of mutation]
 87060 | Abyss:3  | Gained mutation: You passively map a small area around you.
                  | [potion of mutation]
 87060 | Abyss:3  | Gained mutation: You possess an exceptional clarity of
                  | mind. [potion of mutation]
 87060 | Abyss:3  | Gained mutation: You have sharp toenails. [potion of
                  | mutation]
 87156 | Abyss:3  | Noticed a dread lich
 87162 | Abyss:3  | Killed a dread lich
 87167 | Depths:3 | Escaped the Abyss
 87546 | Depths:1 | Voluntarily entered the Abyss.
 87657 | Depths:1 | Escaped the Abyss
 87659 | Depths:1 | Voluntarily entered the Abyss.
 87677 | Abyss:3  | Reached XP level 24. HP: 180/207 MP: 26/46
 87897 | Depths:1 | Escaped the Abyss
 87907 | Depths:1 | Voluntarily entered the Abyss.
 87951 | Abyss:3  | Paralysed by accursed screaming for 1 turns
 87974 | Abyss:3  | Got an abyssal rune of Zot
 88010 | Depths:1 | Escaped the Abyss
 88216 | Depths:4 | Entered Level 4 of the Depths
 88336 | Depths:4 | Found Noadi's Assorted Antiques.
 88337 | Depths:4 | Noticed Vv
 88356 | Depths:4 | Killed Vv
 88561 | Depths:4 | Found Ugoasmuer's Weapon Emporium.
 88563 | Depths:4 | Found Odoczeces's Assorted Antiques.
 88571 | Depths:4 | Bought a runed helmet for 277 gold pieces
 88838 | Depths:4 | Noticed a juggernaut
 88849 | Depths:4 | Killed a juggernaut
 89429 | Depths:4 | Noticed Grunn
 89436 | Depths:4 | Reached skill level 10 in Dodging
 89438 | Depths:4 | Killed Grunn
 89481 | Depths:4 | Reached skill level 10 in Armour
 89860 | Depths:4 | Found a gate to the Realm of Zot.
 90014 | Depths:4 | Noticed Saint Roka
 90024 | Depths:4 | Killed Saint Roka
 90835 | Slime:1  | Entered Level 1 of the Pits of Slime
 90841 | Slime:1  | Gained mutation: You are dopey. (Int -2) [a shining eye]
 90843 | Slime:1  | Lost mutation: You possess an exceptional clarity of mind.
                  | [a shining eye]
 91420 | Slime:3  | Noticed Dissolution
 91427 | Slime:3  | Killed Dissolution
 91891 | Slime:4  | Gained mutation: You occasionally lose the ability to read
                  | scrolls when taking damage. [a shining eye]
 91987 | Slime:4  | Lost mutation: You have hidden genetic potential. [potion
                  | of mutation]
 91987 | Slime:4  | Lost mutation: You passively map a small area around you.
                  | [potion of mutation]
 91987 | Slime:4  | Lost mutation: You are dopey. (Int -2) [potion of mutation]
 91987 | Slime:4  | Gained mutation: You have razor-sharp toenails. [potion of
                  | mutation]
 91988 | Slime:4  | Lost mutation: You have razor-sharp toenails. [potion of
                  | mutation]
 91988 | Slime:4  | Lost mutation: You have a somewhat thin skeletal structure.
                  | (Dex +2, Stealth+) [potion of mutation]
 91988 | Slime:4  | Gained mutation: You are agile. (Dex +4, Str/Int -1)
                  | [potion of mutation]
 91988 | Slime:4  | Gained mutation: Your body sometimes deteriorates upon
                  | taking damage. [potion of mutation]
 91989 | Slime:4  | Lost mutation: Your muscles are very strong. (Str +8,
                  | Int/Dex -2) [potion of mutation]
 91989 | Slime:4  | Lost mutation: You are agile. (Dex +4, Str/Int -1) [potion
                  | of mutation]
 91989 | Slime:4  | Lost mutation: Your muscles are strong. (Str +4, Int/Dex
                  | -1) [potion of mutation]
 91989 | Slime:4  | Gained mutation: You have a pair of small horns on your
                  | head. [potion of mutation]
 91989 | Slime:4  | Gained mutation: You are partially covered in large bone
                  | plates. (SH +4) [potion of mutation]
 91990 | Slime:4  | Lost mutation: You are partially covered in large bone
                  | plates. (SH +4) [potion of mutation]
 91990 | Slime:4  | Lost mutation: You have a pair of small horns on your head.
                  | [potion of mutation]
 91990 | Slime:4  | Lost mutation: Your body sometimes deteriorates upon taking
                  | damage. [potion of mutation]
 91990 | Slime:4  | Gained mutation: You passively map a small area around you.
                  | [potion of mutation]
 91991 | Slime:4  | Lost mutation: You passively map a small area around you.
                  | [potion of mutation]
 91991 | Slime:4  | Lost mutation: You expend magic power (3 MP) to strengthen
                  | your wands. [potion of mutation]
 91991 | Slime:4  | Gained mutation: You sometimes lose the ability to read
                  | scrolls when taking damage. [potion of mutation]
 91991 | Slime:4  | Lost mutation: You have sharp toenails. [potion of
                  | mutation]
 91991 | Slime:4  | Gained mutation: You expend magic power (3 MP) to
                  | strengthen your wands. [potion of mutation]
 91992 | Slime:4  | Lost mutation: You expend magic power (3 MP) to strengthen
                  | your wands. [potion of mutation]
 91992 | Slime:4  | Lost mutation: You sometimes lose the ability to read
                  | scrolls when taking damage. [potion of mutation]
 91992 | Slime:4  | Lost mutation: You occasionally lose the ability to read
                  | scrolls when taking damage. [potion of mutation]
 91992 | Slime:4  | Gained mutation: Your mind is acute. (Int +4, Str/Dex -1)
                  | [potion of mutation]
 91992 | Slime:4  | Gained mutation: You are frail. (-10% HP) [potion of
                  | mutation]
 91992 | Slime:4  | Lost mutation: You are frail. (-10% HP) [potion of
                  | mutation]
 92607 | Slime:5  | Entered Level 5 of the Pits of Slime
 92946 | Slime:5  | Gained mutation: You are frail. (-10% HP) [a shining eye]
 92948 | Slime:5  | Lost mutation: Your mind is acute. (Int +4, Str/Dex -1)
                  | [potion of mutation]
 92948 | Slime:5  | Lost mutation: You are frail. (-10% HP) [potion of
                  | mutation]
 92948 | Slime:5  | Gained mutation: You possess an exceptional clarity of
                  | mind. [potion of mutation]
 92948 | Slime:5  | Gained mutation: You are agile. (Dex +4, Str/Int -1)
                  | [potion of mutation]
 92948 | Slime:5  | Gained mutation: You have a pair of small antennae on your
                  | head. [potion of mutation]
 93007 | Slime:5  | Noticed the Royal Jelly
 93760 | Slime:5  | HP: 9/212 [acid[the Royal Jelly] (4)]
 93760 | Slime:5  | Slain by an azure jelly

Illustrated notes

Levels and vault maps discovered:
D:1:      noname_arrival_rooms_in_the_neighbourhood, layout_basic,
          hellmonk_ecumenical_altar_lost_god
D:2:      layout_loops_cross, serial_shops, shop
D:3:      layout_basic, minmay_goblin_outpost, uniq_natasha
D:4:      layout_basic, temple_statues, serial_park_tiny_2,
          minmay_joined_circles
D:5:      kb_forest_paths, layout_loops_ring
D:6:      layout_loops_ring
D:7:      layout_loops_ring, xom_redecorated, mainiacjoe_overflow_24_doors,
          serial_co_window_serial, co_window_paths_a, co_window_paths_b,
          co_window_paths_a, co_window_paths_a, co_window_paths_a,
          co_window_paths_a, co_window_corner_a, co_window_cross_1,
          co_window_paths_b, co_window_2corner, co_window_paths_c,
          co_window_of_opportunity_b, co_window_4corner_b, glass_columns_a,
          glass_columns_a, enter_ossuary_1, uniq_joseph, uniq_duvessa
D:8:      layout_cave_pools, enter_bailey_6, uniq_maurice, uniq_gastronok
D:9:      nzn_winding_woodlands_cross [nzn_winding_woodlands_5x15_concentric,
          nzn_winding_woodlands_5x15_lazy_stream,
          nzn_winding_woodlands_5x15_parted,
          nzn_winding_woodlands_5x15_sawtooth,
          nzn_winding_woodlands_15x15_thick_spiral], layout_rooms,
          minmay_lizard_king
D:10:     layout_roguey, kennysheep_mini
D:11:     layout_irregular_city
D:12:     layout_big_octagon, serial_shops, shop_fountains,
          nicolae_shop_crystal, nicolae_shop_statue_plus, uniq_snorg
D:13:     gammafunk_indiana_jones, layout_cave_pods, serial_bayou,
          serial_bayou_lake_a, serial_bayou_ford_a, serial_bayou_shore_a,
          serial_bayou_pond_d
D:14:     layout_long_grid, david_vaults_1
D:15:     grunt_enter_depths_snipers, layout_stronghold, serial_ice,
          serial_ice_c, serial_ice_d, serial_ice_f, serial_ice_e, serial_ice_n,
          nemelex_spade_bored_becter, uniq_jorgrun
Lair:1:   layout_misc_corridors, special_room [special_room_bee],
          nicolae_quartered_pool_super, infiniplex_staircase_pool
Lair:2:   layout_loops_ring, minmay_shoals_entry_centaurs
Lair:3:   layout_regular_city, dummy_snake_entry, infiniplex_staircase_pool_2
Lair:4:   layout_small_grid, slime_entry_1, nicolae_lair_grove_arrangements,
          grunt_megastairs_5, serial_bayou_shore_b
Lair:5:   cheibrodos_lair_end_hotspot, layout_gridlike, gauntlet_entry_generic,
          dreamdust_deal_with_the_devil
Shoals:1: layout_shoals, yaktaur_hedge
Shoals:2: layout_shoals, nicolae_shoals_arrival_archipelago
Shoals:3: layout_shoals, uniq_polyphemus
Shoals:4: shoals_end_hangedman, layout_shoals, lemuel_centaur_altar
Snake:1:  layout_onion_interference
Snake:2:  cheibrodos_toxic_ritual, layout_concentric_octagons,
          nicolae_coiled_stairwell_down, uniq_aizul, uniq_nikola, uniq_vashnia,
          uniq_frances
Snake:3:  minmay_snake_river, layout_onion, st_stairs_8,
          nicolae_snake_gridmaze_entwining, nicolae_snake_horde_hoard
Snake:4:  snake_pit, layout_cave_town, nicolae_snake_gridmaze_spiral,
          grunt_ministairs_7
Slime:1:  layout_caves
Slime:2:  layout_caves
Slime:3:  layout_caves, uniq_dissolution
Slime:4:  nicolae_slime_pool, layout_caves
Slime:5
Orc:1:    layout_caves, gammafunk_ghost_fury_of_okawaru, mines2_lemuel
Orc:2:    st_orc_town, layout_caves, serial_shops, shop
Elf:1:    minmay_elf_arrival_circle, layout_loops_corners,
          hangedman_elf_represent, kilobyte_rumbling_trees, uniq_asterion
Elf:2:    nicolae_elf_blades_splatter_lattice
          [nicolae_vaults_blade_armed_guards], layout_onion_city
Elf:3:    minmay_elf_hall_furrowed, layout_loops_corners,
          minmay_misc_feat_diagonals, nrook_uturn, serial_sigils_hangedman_stare
Vaults:1: v_misc_29, ontoclasm_vaults_spin, v_rooms_6, v_pattern_2,
          vaults_dpeg_cross, ontoclasm_vaults_decontamination,
          ontoclasm_vaults_twist, grunt_vaults_twisty, v_misc_13,
          grunt_vaults_funnel, layout_vaults_omnigrid, serial_shops, shop
Vaults:2: v_rooms_4, v_misc_11, grunt_vaults_swirl, hangedman_vaults_locks,
          vaults_mumra_lcd, v_misc_3, nicolae_vaults_angled_halls,
          gammafunk_the_bubble [the_bubble_gammafunk_split],
          nicolae_vaults_ring_of_whatevers, vaults_room_boxed,
          minmay_crypt_entry_simple_round, layout_vaults_omnibox, serial_shops,
          shop
Vaults:3: v_alt_pattern_3, v_misc_17, ontoclasm_vaults_pinch,
          nicolae_vaults_little_squares_1, st_smaller_cells,
          hangedman_vaults_hat, vaults_mumra_minichess_inversion, v_rooms_2,
          nicolae_vaults_border_crossing, v_misc_30,
          hangedman_vaults_variations, v_misc_8, v_misc_19, v_misc_15,
          ontoclasm_vaults_ligature, layout_vaults_maze_bifur, serial_shops,
          shop_fountains, shop, nicolae_diamond_shop, nicolae_shop_waterfront,
          nicolae_shop_hallway_stairs, uniq_bai_suzhen
Vaults:4: v_misc_33, hangedman_vaults_corner, nicolae_vaults_minivaults,
          nicolae_vaults_circle_grid_b, nicolae_vaults_angled_halls,
          vaults_room_corners, vaults_dpeg_ring, layout_vaults_chaotic_city,
          serial_shops, bzr_entry_dummy, uniq_mara
Vaults:5
Crypt:1:  layout_chaotic_city, mu_enter_wizlab_5, weyrava_ghost_lake,
          grunt_megastairs_3
Crypt:2:  layout_misc_corridors, uniq_xtahua, uniq_frederick
Crypt:3:  cryptofortress_bobbens
Depths:1: layout_roguey, enter_ziggurat_f, nicolae_hepliaklqana_hazy_memory,
          hell_entry, gammafunk_ghost_wrathful_warriors, abyss_entry,
          minivault_16, hellmonk_bongcloud_opening, nicolae_shop_vocational
Depths:2: cheibrodos_quadrivalence, layout_basic, hell_entry,
          chequers_serial_rivers_room_b, rand_demon_pan_entry_5,
          kennysheep_small_square
Depths:3: minmay_the_grid_octo_2x2 [minmay_the_grid_octo_horde,
          minmay_the_grid_octo_tetromino_candy, minmay_the_grid_octo_toaster,
          minmay_the_grid_octo_prize_ultimate_mussel_roller], layout_honeycomb,
          nicolae_abyss_entry_one_way_or_another, hex_medium,
          grunt_hell_entry_dis_grunt, uniq_josephina
Depths:4: grunt_zot_entry_bicorn, layout_gridlike, serial_bayou_pond_b,
          grunt_mini_vestibule, minmay_shop_star, uniq_vv, uniq_saint_roka,
          uniq_grunn

Skill      XL: |  1  2  3  4  5  6  7  8  9 10 11 12 13 14 15 16 17 18 19 20 21 22 23 24 |
---------------+-------------------------------------------------------------------------+-----
Ice Magic      | 1 2 3 4 5 6 |  6.0
Stealth        | 3 4 6 7 8 |  8.0
Spellcasting   | 4 5 6 7 8 9 10 11 12 13 | 13.0
Fighting       | 1 2 3 4 5 6 8 9 10 12 13 14 15 16 | 16.7
Polearms       | 1 2 3 4 5 6 7 8 9 10 | 10.0
Conjurations   | 2 3 4 5 6 7 9 11 12 13 14 | 14.0
Earth Magic    | 2 4 5 6 7 8 10 12 13 15 | 15.0
Shields        | 1 3 5 6 8 9 10 11 | 11.7
Dodging        | 1 3 4 5 6 7 8 9 10 | 10.0
Poison Magic   | 1 4 6 7 8 9 |  9.0
Armour         | 2 3 4 5 6 7 8 10 | 10.9
Fire Magic     | 1 3 5 6 8 10 12 | 12.3
Axes           | 4 6 10 13 14 15 16 17 | 17.0
Transmutations | 2 3 6 8 12 | 12.0
Translocations | 3 8 11 | 11.0
Evocations     | 3 4 |  4.0
Necromancy     | 4 |  4.0
Unarmed Combat | |  1.7
Summonings     | |  0.3

Action                   |  1- 3 |  4- 6 |  7- 9 | 10-12 | 13-15 | 16-18 | 19-21 | 22-24 || total
-------------------------+-------+-------+-------+-------+-------+-------+-------+-------++-------
Melee: Dagger            |    16 |       |       |       |       |       |       |       ||    16
       Spear             |    28 |   117 |   398 |   369 |    54 |       |       |       ||   966
       Punch             |       |     2 |       |       |       |       |       |       ||     2
       Broad axe         |       |       |       |       |   374 |  1018 |   817 |  1195 ||  3404
       War axe           |       |       |       |       |       |    72 |    11 |       ||    83
       Kick              |       |       |       |       |       |       |       |    13 ||    13
Throw: Javelin           |       |       |     3 |       |       |       |       |       ||     3
 Cast: Freeze            |    50 |       |    12 |     5 |       |       |       |       ||    67
       Summon Small Mamm |    26 |       |       |       |       |       |       |       ||    26
       Searing Ray       |       |     1 |     9 |     4 |       |     1 |       |       ||    15
       Stone Arrow       |       |       |     8 |    15 |   160 |   188 |    20 |       ||   391
       Frozen Ramparts   |       |       |     9 |    39 |    32 |    37 |     5 |       ||   122
       Olgreb's Toxic Ra |       |       |       |    95 |   248 |   142 |   200 |    60 ||   745
       Ignite Poison     |       |       |       |       |    58 |   142 |   178 |    37 ||   415
       Manifold Assault  |       |       |       |       |       |   266 |    96 |   130 ||   492
       Passage of Golubr |       |       |       |       |       |     5 |     4 |     6 ||    15
       Fireball          |       |       |       |       |       |       |    26 |    68 ||    94
       Iron Shot         |       |       |       |       |       |       |    88 |   323 ||   411
       Lee's Rapid Decon |       |       |       |       |       |       |    47 |   134 ||   181
       Sublimation of Bl |       |       |       |       |       |       |    15 |   159 ||   174
       Irradiate         |       |       |       |       |       |       |     8 |    40 ||    48
       Statue Form       |       |       |       |       |       |       |       |     5 ||     5
 Abil: End Transformatio |       |       |       |       |       |       |       |     4 ||     4
Evoke: Wand              |       |       |       |       |     6 |     1 |       |     2 ||     9
       Phantom mirror    |       |       |       |       |       |     1 |     1 |     1 ||     3
       Box of beasts     |       |       |       |       |       |     1 |       |     1 ||     2
       Tin of tremorston |       |       |       |       |       |       |       |     3 ||     3
       Condenser vane    |       |       |       |       |       |       |       |     3 ||     3
  Use: Scroll            |       |       |    19 |     8 |    16 |     8 |    17 |    10 ||    78
       Potion            |       |       |     1 |       |    15 |    16 |     6 |    37 ||    75
 Stab: Sleeping          |    15 |     3 |    13 |       |     3 |     4 |       |     4 ||    42
       Distracted        |       |     1 |       |     1 |     1 |     1 |     1 |     4 ||     9
       Invisible         |       |       |       |       |       |       |       |    10 ||    10
Armor: Robe              |    12 |       |       |       |       |   101 |    45 |   212 ||   370
       Ring mail         |     6 |    45 |    53 |       |       |       |     1 |       ||   105
       Steam dragon scal |       |       |    52 |    13 |       |       |       |       ||    65
       Acid dragon scale |       |       |       |   110 |    28 |       |       |       ||   138
       Leather armour    |       |       |       |       |   204 |   180 |   208 |       ||   592
       Skin              |       |       |       |       |       |       |       |     3 ||     3
Dodge: Dodged            |    34 |    51 |    76 |    99 |   324 |   348 |   291 |   488 ||  1711
Block: Kite shield       |       |       |   136 |   181 |   453 |   579 |   450 |   648 ||  2447
